 Dungeon Crawl Stone Soup version 0.26.1-11-gd32895ea62 (webtiles) character file.

Game seed: 2705784247287405143

1983 jlumianski the Magician (level 9, -11/69 HPs)
             Began as a Gnoll Warper on July 19, 2021.
             Was a Follower of Qazlal.
             Killed from afar by Harold (20 damage)
             ... with a harpoon shot
             ... on level 7 of the Dungeon on July 22, 2021.
             The game lasted 00:38:07 (9784 turns).

jlumianski the Magician (Gnoll Warper)              Turns: 9784, Time: 00:38:08

Health: -11/69     AC:  9    Str: 13    XL:     9   Next: 20%
Magic:  16/18      EV: 14    Int: 19    God:    Qazlal [*.....]
Gold:   426        SH:  2    Dex: 15    Spells: 16/21 levels left

rFire    + . .     SeeInvis .   w - +0 war axe
rCold    . . .     Faith    .   (no shield)
rNeg     . . .     Spirit   .   s - +0 ring mail
rPois    .         Reflect  .   (no helmet)
rElec    .         Harm     .   q - +2 cloak {Will+}
rCorr    .         Rampage  .   (no gloves)
Will     +....                  (no boots)
Stlth    ++........             (no amulet)
HPRegen  0.21/turn              (no ring)
MPRegen  0.16/turn              y - ring of protection from fire

@: no status effects
A: distributed training, fangs 1, strong nose
a: Renounce Religion


You were on level 7 of the Dungeon.
You worshipped Qazlal.
Qazlal was aware of your devotion.
You visited 2 branches of the dungeon, and saw 8 of its levels.

You collected 426 gold pieces.

Inventory:

Hand Weapons
 a - a +0 hand axe
 l - a +2 dagger of venom
 p - a +2 quarterstaff of chaos
 w - a +0 war axe (weapon)
 B - a +0 trident of venom
 E - a cursed +3 hand axe
Missiles
 e - 5 boomerangs of dispersal
 g - 205 stones
 j - 66 arrows
 m - 22 poisoned darts (quivered)
 G - 27 sling bullets
Armour
 b - a +0 leather armour
 f - a cursed +0 ring mail
 q - a +2 cloak of willpower (worn)
 s - a +0 ring mail (worn)
 u - a cursed -1 tower shield
Magical Staves
 K - an uncursed staff of fire {unknown}
Jewellery
 y - a ring of protection from fire (right hand)
 D - an uncursed ring of ice
 F - an uncursed amulet of magic regeneration
Scrolls
 c - 7 scrolls of remove curse
 d - 2 scrolls of blinking
 i - a scroll of amnesia
 n - 2 scrolls of teleportation
 z - a scroll of enchant armour {unknown}
 C - a scroll of identify
 H - a scroll of enchant weapon {unknown}
 J - a scroll of noise {unknown}
Potions
 h - 2 potions of might
 k - 2 potions of magic
 o - 2 potions of cancellation
 r - 2 potions of degeneration
 t - 2 potions of lignification
 v - a potion of haste {unknown}
 x - a potion of brilliance {unknown}
 A - a potion of curing
 I - a potion of attraction {unknown}


   Skills:
 + Level 6.1 Fighting
 + Level 4.0 Short Blades
 + Level 4.0 Long Blades
 + Level 6.1 Axes
 + Level 4.0 Maces & Flails
 + Level 4.0 Polearms
 + Level 4.0 Staves
 + Level 4.0 Slings
 + Level 4.0 Bows
 + Level 4.0 Crossbows
 + Level 4.8 Throwing
 + Level 4.8 Armour
 + Level 6.1 Dodging
 + Level 4.0 Stealth
 + Level 4.0 Shields
 + Level 4.0 Unarmed Combat
 + Level 6.5 Spellcasting
 + Level 3.3 Conjurations
 + Level 3.3 Hexes
 + Level 3.3 Summonings
 + Level 3.3 Necromancy
 + Level 6.4 Translocations
 + Level 3.3 Transmutations
 + Level 3.3 Fire Magic
 + Level 3.3 Ice Magic
 + Level 3.3 Air Magic
 + Level 3.3 Earth Magic
 + Level 3.3 Poison Magic
 + Level 4.4 Invocations
 + Level 4.0 Evocations


You had 16 spell levels left.
You knew the following spells:

 Your Spells              Type           Power        Failure   Level
a - Blink                 Tloc           N/A          2%          2
b - Gell's Gravitas       Tloc           15%          4%          3

Your spell library contained the following spells:

 Spells                   Type           Power        Failure   Level
 Lesser Beckoning         Tloc           15%          4%          3
 Teleport Other           Tloc           30%          4%          3
 Magic Dart               Conj           72%          5%          1
 Searing Ray              Conj           36%          9%          2
 Passage of Golubria      Tloc           N/A          14%         4
 Dazzling Flash           Conj/Hex       36%          16%         3
 Iskenderun's Mystic Bla  Conj/Tloc      24%          28%         4
 Fulminant Prism          Conj/Hex       9%           47%         4


Dungeon Overview and Level Annotations

Branches:
Dungeon (7/15)             Temple (1/1) D:4

Altars:
Cheibriados
Dithmenos
Fedhas
Hepliaklqana
Kikubaaqudgha
Makhleb
Nemelex Xobeh
Okawaru
Qazlal
Sif Muna
Wu Jian
Xom
Yredelemnul
The Shining One

Shops:
D:4 [

Annotations:
D:7 Harold


Innate Abilities, Weirdness & Mutations

Your experience applies equally to all skills.
You have very sharp teeth.
Your uncanny sense of smell can sniff out nearby items.


Message History

You hit Harold but do no damage.
Harold is heavily wounded.
Harold says, "Let's make it quick, okay?
I've got mouths to feed."
Harold hits you with a +0 trident!
You hit Harold. You bite Harold.
Harold is severely wounded.
Harold points at you and mumbles some strange words.
You barely resist. You hit Harold but do no damage.
Harold is severely wounded.
Harold hits you with a +0 trident!
* * * LOW HITPOINT WARNING * * *
Harold hits you with a +0 trident!
* * * LOW HITPOINT WARNING * * *
Casting: Gell's Gravitas (dangerous; 4% risk of failure)
Confirm with . or Enter, or press ? or * to list all spells.
You blink.
Harold fires a harpoon shot at you. The harpoon shot hits you!!
You die...

#... #..# #..# #..#
#.# ##..#### #.#
......# #.# #..##.#
#.# #@.##.# #.#
##..##.# #.#
#.(.##.#####.##
#.#...........#####
#.##########......#
#@# #..###.# #(#
#######..# ∆ #..
.........# #.#
########.#


You could see Harold (very poisoned).

Vanquished Creatures
  2 black bears
  An ice beast (D:5)
  A sky beast (D:5)
  A centaur (D:6)
  4 ogres
  A bullfrog (D:6)
  3 scorpions
  4 wights (D:5)
  2 howler monkeys (D:5)
  A bullfrog zombie (D:2)
  2 jellies
  3 orc priests
  Crazy Yiuf (D:2)
  A centaur skeleton (D:4)
  3 orc wizards
  3 iguanas
  Jessica (D:2)
  6 worker ants
  A killer bee zombie (D:6)
  7 adders
  A shadow imp (D:6)
  2 ufetubi (D:5)
  2 oozes
  2 adder zombies (D:6)
  2 adder skeletons
  3 worms
  3 leopard geckos
  14 orcs
  A giant cockroach (D:3)
  3 goblins
  6 hobgoblins
  2 jackals (D:4)
  A quokka (D:5)
  A bat (D:3)
  7 frilled lizards
  4 kobolds
  A quokka skeleton (D:5)
  2 quokka zombies
  4 rats
109 creatures vanquished.

Notes
Turn   | Place    | Note
-------+----------+-------------------------------------------
     0 | D:1      | jlumianski the Gnoll Warper began the quest for the Orb.
     0 | D:1      | Reached XP level 1. HP: 20/20 MP: 6/6
   239 | D:1      | Reached XP level 2. HP: 24/26 MP: 7/7
   865 | D:2      | Reached skill level 5 in Spellcasting
   865 | D:2      | Reached skill level 1 in Invocations
   865 | D:2      | Reached XP level 3. HP: 6/31 MP: 7/9
   868 | D:2      | Learned a level 2 spell: Blink
   872 | D:2      | Learned a level 3 spell: Gell's Gravitas
  1115 | D:2      | Noticed Jessica
  1123 | D:2      | Killed Jessica
  1124 | D:2      | Reached skill level 1 in Short Blades
  1124 | D:2      | Reached skill level 1 in Long Blades
  1124 | D:2      | Reached skill level 1 in Maces & Flails
  1124 | D:2      | Reached skill level 1 in Polearms
  1124 | D:2      | Reached skill level 1 in Staves
  1124 | D:2      | Reached skill level 1 in Slings
  1124 | D:2      | Reached skill level 1 in Bows
  1124 | D:2      | Reached skill level 1 in Crossbows
  1124 | D:2      | Reached skill level 1 in Stealth
  1124 | D:2      | Reached skill level 1 in Shields
  1124 | D:2      | Reached skill level 1 in Unarmed Combat
  1124 | D:2      | Reached skill level 1 in Evocations
  1124 | D:2      | Reached XP level 4. HP: 32/38 MP: 11/11
  1626 | D:2      | Found a runed translucent door.
  1627 | D:2      | Noticed Crazy Yiuf
  1645 | D:2      | Killed Crazy Yiuf
  1646 | D:2      | Reached skill level 1 in Conjurations
  1646 | D:2      | Reached skill level 1 in Hexes
  1646 | D:2      | Reached skill level 1 in Summonings
  1646 | D:2      | Reached skill level 1 in Necromancy
  1646 | D:2      | Reached skill level 1 in Transmutations
  1646 | D:2      | Reached skill level 1 in Fire Magic
  1646 | D:2      | Reached skill level 1 in Ice Magic
  1646 | D:2      | Reached skill level 1 in Air Magic
  1646 | D:2      | Reached skill level 1 in Earth Magic
  1646 | D:2      | Reached skill level 1 in Poison Magic
  1922 | D:2      | Found a basalt altar of Yredelemnul.
  2263 | D:3      | Reached XP level 5. HP: 43/43 MP: 12/12
  2762 | D:3      | Found an ornate altar of the Wu Jian Council.
  3717 | D:4      | Found a shimmering altar of Xom.
  3718 | D:4      | Found an ancient bone altar of Kikubaaqudgha.
  3719 | D:4      | Found a glowing golden altar of the Shining One.
  3719 | D:4      | Found a burning altar of Makhleb.
  3770 | D:4      | Found Goru's Armour Shop.
  3845 | D:4      | Reached XP level 6. HP: 44/50 MP: 13/13
  3997 | D:4      | Found a staircase to the Ecumenical Temple.
  4018 | Temple   | Entered the Ecumenical Temple
  4033 | Temple   | Became a worshipper of Qazlal Stormbringer
  4198 | D:4      | Found a blossoming altar of Fedhas.
  4754 | D:4      | Reached skill level 5 in Fighting
  4754 | D:4      | Reached skill level 5 in Axes
  4754 | D:4      | Reached skill level 5 in Dodging
  5579 | D:5      | Entered Level 5 of the Dungeon
  5614 | D:5      | Reached XP level 7. HP: 23/56 MP: 15/15
  6381 | D:5      | Reached XP level 8. HP: 48/63 MP: 16/16
  7209 | D:6      | Found a basalt altar of Yredelemnul.
  7278 | D:6      | Reached * piety under Qazlal
  8549 | D:6      | Reached XP level 9. HP: 38/69 MP: 18/18
  9061 | D:6      | Found an iron altar of Okawaru.
  9766 | D:7      | Noticed Harold
  9784 | D:7      | Killed from afar by Harold

Illustrated notes

Levels and vault maps discovered:
D:1:      eino_arrival_cavern_b, layout_loops_ring
D:2:      layout_loops_corners, general_overflow_altar, uniq_jessica,
          uniq_crazy_yiuf_cottage
D:3:      layout_basic, pdpol_wu_jian_five_deadly_venoms,
          minmay_stone_trees_small, minmay_cut_off
D:4:      layout_basic, chequers_temple_overflow_statue_of_worship,
          kennysheep_little_box, minmay_temple_entry_wispy, serial_shops, shop
D:5:      black_bear_nest_2, layout_loops_ring
D:6:      layout_loops_cross, basic_altar, yredelemnul_altar_generic
D:7:      layout_loops_ring, kennysheep_generic_room_16, uniq_harold,
          uniq_prince_ribbit1
Temple:   eino_temple_water

Skill      XL: |  1  2  3  4  5  6  7  8  9 |
---------------+----------------------------+-----
Spellcasting   | 5 6 |  6.5
Invocations    | 1 2 3 4 |  4.4
Short Blades   | 1 2 3 4 |  4.0
Long Blades    | 1 2 3 4 |  4.0
Maces & Flails | 1 2 3 4 |  4.0
Polearms       | 1 2 3 4 |  4.0
Staves         | 1 2 3 4 |  4.0
Slings         | 1 2 3 4 |  4.0
Bows           | 1 2 3 4 |  4.0
Crossbows      | 1 2 3 4 |  4.0
Stealth        | 1 2 3 4 |  4.0
Shields        | 1 2 3 4 |  4.0
Unarmed Combat | 1 2 3 4 |  4.0
Evocations     | 1 2 3 4 |  4.0
Conjurations   | 1 2 3 |  3.3
Hexes          | 1 2 3 |  3.3
Summonings     | 1 2 3 |  3.3
Necromancy     | 1 2 3 |  3.3
Transmutations | 1 2 3 |  3.3
Fire Magic     | 1 2 3 |  3.3
Ice Magic      | 1 2 3 |  3.3
Air Magic      | 1 2 3 |  3.3
Earth Magic    | 1 2 3 |  3.3
Poison Magic   | 1 2 3 |  3.3
Throwing       | 3 4 |  4.8
Armour         | 3 4 |  4.8
Fighting       | 5 6 |  6.1
Axes           | 5 6 |  6.1
Dodging        | 5 6 |  6.1
Translocations | 6 |  6.4

Action                   |  1- 3 |  4- 6 |  7- 9 || total
-------------------------+-------+-------+-------++-------
Melee: Hand axe          |    54 |     1 |       ||    55
       Bite              |     5 |    21 |    29 ||    55
       Dagger            |       |   132 |       ||   132
       Quarterstaff      |       |     6 |       ||     6
       War axe           |       |    14 |   257 ||   271
       Punch             |       |       |     4 ||     4
Throw: Stone             |     1 |       |       ||     1
       Dart              |       |    24 |    44 ||    68
 Cast: Blink             |       |     6 |     9 ||    15
       Gell's Gravitas   |       |     4 |    12 ||    16
  Use: Potion            |     1 |     3 |     1 ||     5
       Scroll            |       |     7 |       ||     7
Armor: Leather armour    |     4 |     3 |       ||     7
       Ring mail         |       |    29 |   119 ||   148
Dodge: Dodged            |    34 |    76 |   237 ||   347
Block: Other             |       |       |    11 ||    11
